 Dungeon Crawl Stone Soup version 0.31.0-12-g77e489cdc1 (webtiles) character file.

Game seed: 17516427885524025361

6076 SentryRobo the Frost Mage (level 10, -5/63 HPs)
             Began as a Human Ice Elementalist on Jan 31, 2024.
             Was a Priest of Vehumet.
             Killed from afar by an electric eel (11 damage)
             ... with a bolt of electricity
             ... on level 9 of the Dungeon on Feb 22, 2024.
             The game lasted 02:18:32 (10795 turns).

SentryRobo the Frost Mage (Human Ice Elementalist) Turns: 10795, Time: 02:18:32

Health: -5/63      AC:  5    Str:  8    XL:     10   Next: 88%
Magic:  18/22      EV: 18    Int: 20    God:    Vehumet [***...]
Gold:   327        SH:  5    Dex: 14    Spells: 6/26 levels left

rFire   + . .        n - +4 flail (protect)
rCold   + . .        (no shield)
rNeg    . . .        H - +0 robe {Will+}
rPois   .            (no helmet)
rElec   .            j - scarf {rC+ rF+}
rCorr   .            c - +1 pair of gloves
SInv    .            D - +0 pair of boots
Will    +++..        g - amulet of reflection
Stlth   +++          m - ring of willpower
HPRegen 0.30/turn    C - +5 ring of evasion
MPRegen 0.18/turn

%: reflection
@: about to teleport, enlightened, flying
A: explore regen
a: Renounce Religion


You were on level 9 of the Dungeon.
You worshipped Vehumet.
Vehumet was most pleased with you.
You visited 1 branch of the dungeon, and saw 9 of its levels.

You collected 327 gold pieces.

Inventory:

Hand Weapons
 n - a +4 flail of protection (weapon)
 v - a +2 spectral club
 w - a +4 quarterstaff of chaos
 F - a +0 long sword
 G - a +2 falchion of freezing
 I - a +0 giant spiked club
 K - a +4 flail of draining
 L - a +3 short sword of holy wrath
 Q - the +10 quarterstaff of Inflation {heavy, Str+5}
   (You took it off a goblin on level 9 of the Dungeon)

   Str+5:     It affects your strength (+5).
Armour
 c - a +1 pair of gloves (worn)
 i - a +0 robe
 j - a scarf of resistance (worn)
 x - a +0 cloak
 D - a +0 pair of boots (worn)
 H - a +0 robe of willpower (worn)
Magical Staves
 z - a staff of air
Jewellery
 g - an amulet of reflection (around neck)
 m - a ring of willpower (left hand)
 y - an amulet of faith
 C - a +5 ring of evasion (right hand)
Talismans
 f - a blade talisman
 J - a maw talisman
Wands
 e - a wand of paralysis (6)
 B - a wand of roots (21)
 M - a wand of acid (15)
 R - a wand of flame (13)
Scrolls
 a - 2 scrolls of immolation
 l - a scroll of teleportation
 p - a scroll of blinking
 u - 2 scrolls of amnesia
 E - a scroll of noise {unknown}
 O - a scroll of butterflies
Potions
 b - a potion of magic
 d - 2 potions of attraction
 h - a potion of enlightenment
 k - a potion of berserk rage {unknown}
 o - a potion of ambrosia
 q - a potion of resistance {unknown}
 r - 3 potions of brilliance
 s - 2 potions of curing
 P - a potion of degeneration {unknown}


   Skills:
 * Level 4.2 Maces & Flails
 + Level 4.6 Dodging
 + Level 4.1 Stealth
 - Level 1.3 Shields
 - Level 0.6 Unarmed Combat
 + Level 8.9 Spellcasting
 * Level 4.4 Conjurations
 + Level 3.9 Summonings
 + Level 0.5 Necromancy
 + Level 9.6 Ice Magic
 - Level 0.4 Air Magic


You had 6 spell levels left.
You knew the following spells:

 Your Spells              Type           Power      Damage    Failure   Level
a - Freeze                Ice            100%       1d10      1%          1
b - Frozen Ramparts       Ice            94%        1d15      1%          3
c - Shock                 Conj/Air       72%        1d7       1%          1
d - Ozocubu's Armour      Ice            47%        N/A       1%          3
e - Summon Ice Beast      Ice/Summ       36%        N/A       1%          3
f - Momentum Strike       Conj/Tloc      34%        3d8       1%          2
g - Necrotise             Necr           40%        1d6       6%          1
h - Summon Small Mammal   Summ           96%        N/A       1%          1
i - Sting                 Conj/Alch      68%        1d7       1%          1
j - Apportation           Tloc           16%        N/A       8%          1
k - Hailstorm             Conj/Ice       37%        3d9       1%          3

Your spell library contained the following spells:

 Spells                   Type           Power      Damage    Failure   Level
 Airstrike                Air            5%         2d(1-17)  17%         4


Dungeon Overview and Level Annotations

Branches:
Dungeon (9/15)             Temple (0/1) D:5            Lair (0/5) D:9
    Orc: D:9-12

Altars:
Dithmenos
Elyvilon
Fedhas
Gozag
Kikubaaqudgha
Ru
Trog
Uskayaw
Vehumet
Zin
The Shining One

Shops:
D:4 :   D:5 *


Innate Abilities, Weirdness & Mutations

You regain HP and MP as you explore.


Message History

Your ice beast dies!
Your ice beast disappears in a puff of smoke!
Casting: Freeze (safe; 1% risk of failure)
Confirm with . or Enter, or press ? or * to list all spells.
Okay, then.
Casting: Freeze (safe; 1% risk of failure)
Confirm with . or Enter, or press ? or * to list all spells.
A chill wind blows around you.
Aiming: Corrosive Bolt
Press: ? - help, Shift-Dir - straight line, f - wraith
Aim: a wraith (almost destroyed, ally target, 71% to hit)
Okay, then.
Aiming: Corrosive Bolt
Press: ? - help, Shift-Dir - straight line, f - wraith
Aim: a wraith (almost destroyed, ally target, 71% to hit)
The bolt of acid hits the wraith!
The acid corrodes the wraith!
You destroy the wraith!
Vehumet accepts your kill.
You feel your power returning.
You feel yourself speed up.
An elephant is nearby!
An elephant is nearby!
You swap places.
An electric eel comes into view.
The elephant tramples your ice beast!
Your ice beast holds its ground!
The elephant trunk-slaps your ice beast but does no damage.
The electric eel shoots out a bolt of lightning at you!
The bolt of electricity misses you. x2
Your ice beast barely misses the elephant.
The elephant closely misses your ice beast.
The elephant trunk-slaps your ice beast.
As you read the scroll of teleportation, it crumbles to dust.
You feel strangely unstable.
The electric eel shoots out a bolt of lightning at you!
The bolt of electricity hits you!
The electric eel shoots out a bolt of lightning at you!
The bolt of electricity hits you!
* * * LOW HITPOINT WARNING * * *
The bolt of electricity hits you!
You die...

#.............#...
#........##...#...
#..Y..Y.......#...
#.Y#####.##...#...
#.~.~..~...Y...~.~
#..≈≈S≈≈S≈≈≈≈≈~≈≈≈
#..≈♣♣♣≈~≈♣♣♣≈~≈♣♣
#.~≈♣ ♣≈~≈♣ ♣≈~≈♣
#@.≈♣ ♣≈~≈♣ ♣≈.≈♣
#.~≈≈≈≈≈.≈≈ ≈.≈≈
#.....~~~ ~..~
#.~≈≈≈≈≈~
#.~≈♣♣♣≈~ #..S♣ ≈.
#.~≈♣ #.~≈≈


You could see an elephant (ally target), 2 electric eels and a friendly ice
beast (summoned).

Vanquished Creatures
  Pikel (D:4)
  A slime creature (D:8)
  Sigmund (D:3)
  2 wraiths
  3 wyverns
  A basilisk (D:9)
  2 steam dragons
  Edmund (D:6)
  A water moccasin (D:5)
  2 black bears
  An orc warrior (D:8)
  An ogre (D:6)
  A kobold brigand (D:9)
  A bullfrog (D:7)
  A scorpion (D:4)
  A gnoll sergeant (D:9)
  3 howler monkeys
  A jelly (D:6)
  2 hounds
  A sleepcap (D:6)
  5 orc priests
  3 orc wizards
  Jessica (D:3)
  Ijyb (D:3)
  7 gnolls
  7 adders
  2 ribbon worms (D:3)
  2 dart slugs (D:2)
  15 orcs
  7 endoplasms
  5 giant cockroaches
  15 goblins
  7 hobgoblins
  5 jackals
  8 kobolds
  A quokka (D:4)
  5 ball pythons
  7 bats
  7 frilled lizards
  4 rats (D:2)
142 creatures vanquished.

Vanquished Creatures (collateral kills)
  2 two-headed ogres
  Grinder (D:4)
  A yak (D:8)
  A basilisk (D:8)
  Menkaure (D:5)
  2 black bears
  A centaur (D:7)
  A lemure (D:4)
  A kobold brigand (D:8)
  A brain worm (D:3)
  A scorpion (D:5)
  A howler monkey (D:9)
  A bombardier beetle (D:5)
  A hound (D:5)
  2 orc priests (D:6)
  Crazy Yiuf (D:3)
  A gnoll bouda (D:8)
  4 orc wizards
  3 gnolls
  A dart slug (D:4)
  A ribbon worm (D:5)
  7 orcs
  2 ball pythons (D:4)
  An endoplasm (D:4)
  A giant cockroach (D:4)
  2 goblins
  2 jackals (D:5)
  6 kobolds
50 creatures vanquished.

Vanquished Creatures (others)
  A kobold (D:9)
1 creature vanquished.

Grand Total: 193 creatures vanquished

Notes
Turn   | Place    | Note
-------+----------+-------------------------------------------
     0 | D:1      | SentryRobo the Human Ice Elementalist began the quest for
                  | the Orb.
     0 | D:1      | Reached XP level 1. HP: 13/13 MP: 3/3
   205 | D:1      | Reached XP level 2. HP: 19/19 MP: 3/5
   937 | D:1      | Reached XP level 3. HP: 20/24 MP: 3/6
  1071 | D:1      | Learned a level 3 spell: Frozen Ramparts
  1201 | D:2      | Found a radiant altar of Vehumet.
  1223 | D:2      | Became a worshipper of Vehumet
  1337 | D:2      | Reached XP level 4. HP: 30/30 MP: 4/8
  1987 | D:2      | Reached * piety under Vehumet
  1987 | D:2      | Offered knowledge of Shock by Vehumet.
  1990 | D:2      | Learned a level 1 spell: Shock
  1994 | D:2      | Learned a level 3 spell: Ozocubu's Armour
  2389 | D:3      | Found a faded altar of an unknown god.
  2538 | D:3      | Reached skill level 5 in Ice Magic
  2689 | D:3      | Found an ancient bone altar of Kikubaaqudgha.
  2701 | D:3      | Noticed Sigmund
  3041 | D:3      | Noticed Jessica
  3044 | D:3      | Killed Jessica
  3045 | D:3      | Reached XP level 5. HP: 35/35 MP: 6/9
  3144 | D:3      | Killed Sigmund
  3145 | D:3      | Reached XP level 6. HP: 33/41 MP: 3/11
  3235 | D:3      | Noticed Ijyb
  3241 | D:3      | Killed Ijyb
  3242 | D:3      | Reached skill level 1 in Conjurations
  3299 | D:3      | Learned a level 3 spell: Summon Ice Beast
  3430 | D:3      | Found a runed translucent door.
  3431 | D:3      | Noticed Crazy Yiuf
  3500 | D:3      | Found a bloodstained altar of Trog.
  3670 | D:3      | Killed Crazy Yiuf
  3671 | D:3      | Reached XP level 7. HP: 46/46 MP: 6/13
  3800 | D:4      | Found Weypulen's Book Boutique.
  3874 | D:4      | Noticed Grinder
  3882 | D:4      | Paralysed by Grinder for 5 turns
  3989 | D:4      | Killed Grinder
  3990 | D:4      | Reached skill level 1 in Summonings
  3990 | D:4      | Reached skill level 6 in Ice Magic
  4099 | D:4      | Reached ** piety under Vehumet
  4099 | D:4      | Offered knowledge of Momentum Strike by Vehumet.
  4103 | D:4      | Learned a level 2 spell: Momentum Strike
  4121 | D:4      | Noticed Pikel
  4146 | D:4      | Killed Pikel
  4147 | D:4      | Reached skill level 1 in Shields
  4147 | D:4      | Reached skill level 5 in Spellcasting
  4147 | D:4      | Reached skill level 7 in Ice Magic
  4147 | D:4      | Reached XP level 8. HP: 52/52 MP: 4/16
  5090 | D:5      | Entered Level 5 of the Dungeon
  5192 | D:5      | Found a staircase to the Ecumenical Temple.
  5265 | D:5      | Noticed Menkaure
  5297 | D:5      | Killed Menkaure
  5316 | D:5      | Reached XP level 9. HP: 28/57 MP: 13/19
  5468 | D:5      | Found Jorer's Assorted Antiques.
  5520 | D:5      | Learned a level 1 spell: Necrotise
  5522 | D:5      | Learned a level 1 spell: Summon Small Mammal
  5524 | D:5      | Learned a level 1 spell: Sting
  5526 | D:5      | Learned a level 1 spell: Apportation
  5672 | D:5      | Reached skill level 8 in Ice Magic
  6175 | D:6      | Found a glowing silver altar of Zin.
  6234 | D:6      | Noticed Edmund
  6246 | D:6      | Killed Edmund
  6340 | D:6      | Found a blossoming altar of Fedhas.
  6418 | D:6      | Found a sacrificial altar of Ru.
  6636 | D:6      | Reached skill level 1 in Maces & Flails
  6898 | D:6      | Offered knowledge of Hailstorm by Vehumet.
  6905 | D:6      | Learned a level 3 spell: Hailstorm
  7119 | D:7      | Noticed a two-headed ogre
  7136 | D:7      | Killed a two-headed ogre
  7393 | D:7      | Found a glowing golden altar of the Shining One.
  7641 | D:7      | Found a hide-covered altar of Uskayaw.
  8103 | D:8      | Reached *** piety under Vehumet
  8191 | D:8      | Reached XP level 10. HP: 63/63 MP: 22/22
  8271 | D:8      | Found a white marble altar of Elyvilon.
  8547 | D:8      | Reached skill level 9 in Ice Magic
  9350 | D:7      | Upgraded the game from 0.31.0-11-ge490571c62 to
                  | 0.31.0-12-g77e489cdc1
  9876 | D:9      | Offered knowledge of Airstrike by Vehumet.
 10008 | D:9      | Found a staircase to the Lair.
 10023 | D:9      | Found an opulent altar of Gozag.
 10045 | D:9      | Noticed an elephant
 10097 | D:9      | Found a shadowy altar of Dithmenos.
 10199 | D:9      | Found a flagged portal.
 10328 | D:9      | Noticed a two-headed ogre
 10368 | D:9      | Killed a two-headed ogre
 10561 | D:9      | Identified the +10 quarterstaff of Inflation {heavy, Str+5}
 10795 | D:9      | Killed from afar by an electric eel

Illustrated notes

Levels and vault maps discovered:
D:1:      dpeg_arrival_fog, layout_basic
D:2:      layout_loops_ring, basic_altar, chequers_serial_rivers_small_a,
          kennysheep_another_room, supply_closet_lemuel
D:3:      layout_basic, kiku_gazebo_pond_becter, trog_antimagical,
          ebering_ecumenical_altar_rust, minivault_27, minmay_close_crescents,
          uniq_ijyb, uniq_sigmund, uniq_jessica, uniq_crazy_yiuf_cottage
D:4:      layout_loops_ring, serial_shops, nicolae_square_shop, uniq_pikel,
          uniq_grinder
D:5:      layout_cave_pools, temple_green, serial_shops, shop, uniq_menkaure
D:6:      layout_gridville, fedhas_ov_isle_minmay, mainiacjoe_overflow_24_doors,
          mainiacjoe_overflow_alcove_2, uniq_edmund
D:7:      layout_gridville, amcnicky_altar_gilded, nicolae_uskayaw_suspiria,
          kennysheep_decorative_pillar
D:8:      layout_basic, elyvilon_altar_4, hangedman_minor_gate_pass
D:9:      layout_basic, grunt_gozag_breadcrumbs, lemuel_round_altar,
          david_lair_generic, enter_bailey_3, kennysheep_boxes, uniq_maggie

Skill      XL: |  1  2  3  4  5  6  7  8  9 10 |
---------------+-------------------------------+-----
Ice Magic      | 5 7 8 9 |  9.6
Spellcasting   | 3 4 5 6 8 |  8.9
Conjurations   | 1 2 4 |  4.4
Summonings     | 2 3 |  3.9
Shields        | 1 |  1.3
Dodging        | 3 4 |  4.6
Stealth        | 3 4 |  4.1
Maces & Flails | 2 4 |  4.2
Unarmed Combat | |  0.6
Necromancy     | |  0.5
Air Magic      | |  0.4

Action                     |  1- 3 |  4- 6 |  7- 9 | 10-12 || total
---------------------------+-------+-------+-------+-------++-------
  Melee: Unarmed           |    15 |     3 |       |       ||    18
         Flail             |       |       |    19 |    14 ||    33
   Cast: Freeze            |    47 |    79 |    88 |    27 ||   241
         Frozen Ramparts   |       |     1 |     3 |    13 ||    17
         Summon Ice Beast  |       |     2 |    33 |    25 ||    60
         Ozocubu's Armour  |       |       |     1 |     1 ||     2
         Shock             |       |       |     6 |     3 ||     9
         Hailstorm         |       |       |     2 |       ||     2
         Necrotise         |       |       |       |     6 ||     6
  Evoke: Wand              |       |       |       |     1 ||     1
    Use: Potion            |       |     2 |     5 |     2 ||     9
         Scroll            |       |     1 |    19 |    11 ||    31
   Stab: Distracted        |       |     1 |       |       ||     1
         Sleeping          |       |       |     1 |       ||     1
 Armour: Robe              |    27 |    29 |    71 |    85 ||   212
         Skin              |       |       |       |     1 ||     1
  Dodge: Dodged            |    39 |    33 |   101 |    71 ||   244
  Block: Other             |     1 |    16 |    28 |    24 ||    69
         Reflection        |       |     3 |     3 |     4 ||    10
